 Dungeon Crawl Stone Soup version 0.27.1-4-g1640c2035a (webtiles) character file.

Game seed: 14505988346033232541

8174 jjjjhere the Prestidigitator (level 11, -9/71 (83) HPs)
             Began as a Gnoll Artificer on Nov 6, 2021.
             Was a High Priest of Nemelex Xobeh.
             Killed from afar by Nergalle (33 damage)
             ... with a bolt of negative energy
             ... on level 10 of the Dungeon on Nov 7, 2021.
             The game lasted 00:26:24 (12954 turns).

jjjjhere the Prestidigitator (Gnoll Artificer)     Turns: 12954, Time: 00:26:25

HP:   -9/71 (83)    AC: 11    Str: 11    XL:     11   Next: 26%
MP:   20/20         EV: 13    Int: 14    God:    Nemelex Xobeh [*****.]
Gold: 463           SH:  0    Dex: 13    Spells: 20/22 levels left

rFire    + . .     SeeInvis .   u - +2 short sword (venom)
rCold    . . .     Faith    .   (no shield)
rNeg     . . .     Spirit   .   q - +0 ring mail {rF+}
rPois    .         Reflect  .   A - +2 hat
rElec    .         Harm     .   (no cloak)
rCorr    .         Rampage  .   D - +1 pair of gloves
Will     .....                  (no boots)
Stlth    +++.......             (no amulet)
HPRegen  0.21/turn              E - +4 ring of slaying
MPRegen  0.17/turn              (no ring)

@: about to teleport, heavily drained
A: fangs 1, strong nose, distributed training
a: Renounce Religion, Draw Escape, Draw Destruction, Draw Summoning, Triple
Draw, Deal Four, Stack Five


You were on level 10 of the Dungeon.
You worshipped Nemelex Xobeh.
Nemelex Xobeh was extremely pleased with you.
You visited 1 branch of the dungeon, and saw 10 of its levels.

You collected 505 gold pieces.
You spent 42 gold pieces at shops.

Inventory:

Hand Weapons
 a - a +0 club
 i - a +0 whip
 j - a +0 short sword
 p - a +0 war axe
 u - a +2 short sword of venom (weapon)
Missiles
 h - 213 arrows
 x - 59 poisoned darts (quivered)
Armour
 b - a +0 leather armour
 g - a +0 ring mail
 n - a +0 cloak
 q - a +0 ring mail of fire resistance (worn)
 A - a +2 hat (worn)
 D - a +1 pair of gloves (worn)
Magical Staves
 l - a staff of air
Jewellery
 E - a +4 ring of slaying (left hand)
Wands
 d - a wand of charming (18)
 f - a wand of mindburst (12)
 B - a wand of iceblast (9)
 H - a wand of acid (8)
 L - a wand of flame (59)
Scrolls
 c - 4 scrolls of noise {unknown}
 o - a scroll of amnesia
 w - a scroll of enchant weapon {unknown}
 y - 6 scrolls of teleportation
 I - a scroll of enchant armour
 J - a scroll of fog
 K - a scroll of blinking {unknown}
 M - 3 scrolls of identify
Potions
 k - 3 potions of haste
 m - 2 potions of berserk rage
 r - a potion of magic {unknown}
 s - a potion of ambrosia
 t - 2 potions of heal wounds {unknown}
 v - 2 potions of cancellation
 z - 2 potions of invisibility
 C - 2 potions of flight
 F - a potion of lignification
 G - a potion of curing {unknown}
Miscellaneous
 e - a piece from Xom's chessboard (inert)


   Skills:
 + Level 6.7 Fighting
 + Level 6.1 Short Blades
 + Level 6.1 Long Blades
 + Level 6.1 Axes
 + Level 6.1 Maces & Flails
 + Level 6.1 Polearms
 + Level 6.1 Staves
 + Level 6.1 Slings
 + Level 6.1 Bows
 + Level 6.1 Crossbows
 + Level 6.1 Throwing
 + Level 7.7 Armour
 + Level 6.7 Dodging
 + Level 6.6 Stealth
 + Level 6.1 Shields
 + Level 6.1 Unarmed Combat
 + Level 6.1 Spellcasting
 + Level 5.1 Conjurations
 + Level 5.1 Hexes
 + Level 5.1 Summonings
 + Level 5.1 Necromancy
 + Level 5.1 Translocations
 + Level 5.1 Transmutations
 + Level 5.1 Fire Magic
 + Level 5.1 Ice Magic
 + Level 5.1 Air Magic
 + Level 5.1 Earth Magic
 + Level 5.1 Poison Magic
 + Level 6.7 Invocations
 + Level 9.1 Evocations


You had 20 spell levels left.
You knew the following spells:

 Your Spells              Type           Power      Damage    Failure   Level
a - Poisonous Vapours     Pois/Air       36%        N/A       6%          2

Your spell library contained the following spells:

 Spells                   Type           Power      Damage    Failure   Level
 Pain                     Necr           72%        1d7       4%          1
 Corpse Rot               Necr/Air       N/A        N/A       6%          2
 Conjure Flame            Conj/Fire      18%        6-21      12%         3
 Dazzling Flash           Conj/Hex       36%        N/A       12%         3
 Ignite Poison            Fire/Tmut/Pois 18%        N/A       12%         3
 Animate Dead             Necr           9%         N/A       38%         4
 Iskenderun's Mystic Bla  Conj/Tloc      18%        2d6       38%         4
 Sticky Flame             Conj/Fire      18%        2d4       38%         4
 Summon Lightning Spire   Summ/Air       18%        N/A       38%         4
 Agony                    Necr           18%        N/A       75%         5
 Borgnjor's Vile Clutch   Necr/Erth      9%         N/A       75%         5
 Excruciating Wounds      Necr           9%         N/A       75%         5
 Freezing Cloud           Conj/Ice/Air   9%         6-21      75%         5
 Death Channel            Necr           9%         N/A       99%         6
 Starburst                Conj/Fire      9%         6d5       99%         6
 Storm Form               Tmut/Air       9%         N/A       100%        7
 Maxwell's Capacitive Co  Air            9%         ∞         100%        8


Dungeon Overview and Level Annotations

Branches:
Dungeon (10/15)            Temple (0/1) D:5            Lair (0/6) D:10
    Orc: D:9-12

Altars:
Dithmenos
Kikubaaqudgha
Nemelex Xobeh
Qazlal
Ru
Vehumet
Yredelemnul
Zin

Shops:
D:3 [   D:6 [   D:7 [   D:8 ?

Annotations:
D:5 3 runed translucent doors, earthworldpsion's ghost, amateur DrBe
D:7 exclusion: statue
D:10 Nergalle


Innate Abilities, Weirdness & Mutations

You have very sharp teeth.
Your uncanny sense of smell can sniff out nearby items.
Your experience applies equally to all skills.


Message History

Press: ? - help, Shift-Dir - straight line, f - Nergalle
Aim: Nergalle, wielding a +0 dagger of electrocution and wearing a +0 robe (chance to affect: 63%)
The spectral orc knight is unaffected.
The spectral orc knight hits you but does no damage.
Okay, then.
You draw a card...
You have drawn Vitriol.
Press: ? - help, Shift-Dir - straight line, f/p - Nergalle
Aim: Nergalle, wielding a +0 dagger of electrocution and wearing a +0 robe The glob of acid hits the spectral orc knight!
The spectral orc knight is splashed with acid.
The acid corrodes the spectral orc knight!
The spectral orc knight is moderately damaged.
Nergalle casts a spell at you.
Orcish apparitions take form around you.
The spectral orc knight hits you but does no damage. x2
You hit the spectral orc knight.
You bite the spectral orc knight, but do no damage.
The spectral orc knight is lightly damaged.
Nergalle casts a spell at you.
The bolt of negative energy misses the spectral orc warrior.
The bolt of negative energy hits the spectral orc knight.
The spectral orc knight completely resists.
The bolt of negative energy hits you!!!
You feel drained.
Ouch! That really hurt!
As you read the scroll of teleportation, it crumbles to dust.
You feel strangely unstable.
The spectral orc knight hits you with a +2 great sword of protection.
You feel drained.
The spectral orc knight hits you with a +0 great sword.
The spectral orc warrior misses you.
The spectral orc knight closely misses you.
Nergalle points at you and mumbles some strange words.
The bolt of negative energy hits the spectral orc warrior.
The spectral orc warrior completely resists.
The bolt of negative energy hits the spectral orc knight.
The spectral orc knight completely resists.
The bolt of negative energy hits you!!
You feel drained.
You die...
Your body glows with a rainbow of weird colours and disappears.

#.................
#.############...#
#.# #...# #.#
#...# #.# #...#
#.# #...# #.#
#...# #Z# #@#
#ZZZ.o...
#ZZ...... .g
#.####### #. #.#
#g #.# #. #.# #.
#.# #. #.


You could see Nergalle, a spectral orc (summoned), a spectral orc warrior
(summoned) and 4 spectral orc knights.

Vanquished Creatures
  A two-headed ogre (D:9)
  Pikel (D:6)
  Maurice (D:8)
  Maggie (D:6)
  A hornet (D:7)
  A tarantella (D:9)
  A wraith (D:9)
  A vampire (D:9)
  4 yaks
  Eustachio (D:5)
  Grum (D:10)
  A steam dragon (D:8)
  Menkaure (D:6)
  2 wargs
  2 acid dragons (D:8)
  A water moccasin (D:7)
  5 orc warriors
  An ice beast (D:5)
  A sky beast (D:5)
  A hornet zombie (D:8)
  2 necrophages
  3 ogres
  2 wolves (D:10)
  A lemure (D:6)
  7 centaurs
  A phantom (D:7)
  Blork the orc (D:6)
  2 bullfrogs
  A wyvern zombie (D:7)
  3 scorpions
  A water moccasin skeleton (D:5)
  A water moccasin zombie (D:6)
  5 killer bees
  4 howler monkeys
  A jelly (D:4)
  A bullfrog skeleton (D:6)
  3 orc priests
  A centaur skeleton (D:7)
  A gnoll shaman (D:7)
  3 hounds
  4 iguanas
  10 orc wizards
  2 hound zombies (D:3)
  5 gnolls
  10 adders
  2 shadow imps (D:5)
  An adder skeleton (D:4)
  2 dart slugs (D:5)
  24 orcs
  8 endoplasms
  3 giant cockroaches
  9 goblins
  10 hobgoblins
  2 quokkas
  2 ball pythons
  5 bats
  14 frilled lizards
  11 kobolds
  5 rats
202 creatures vanquished.

Vanquished Creatures (collateral kills)
  Erica (D:10)
  A hound zombie (D:3)
  An adder zombie (D:3)
3 creatures vanquished.

Vanquished Creatures (others)
  An orc wizard (D:5)
  An orc (D:9)
  A plant (D:10)
3 creatures vanquished.

Grand Total: 208 creatures vanquished

Notes
Turn   | Place    | Note
-------+----------+-------------------------------------------
     0 | D:1      | jjjjhere the Gnoll Artificer began the quest for the Orb.
     0 | D:1      | Reached XP level 1. HP: 17/17 MP: 1/1
    28 | D:1      | HP: 5/17 [hobgoblin (4)]
   362 | D:1      | Reached XP level 2. HP: 23/23 MP: 2/2
   894 | D:1      | Reached XP level 3. HP: 24/28 MP: 3/3
  1073 | D:2      | Reached skill level 1 in Invocations
  1482 | D:2      | Reached skill level 1 in Short Blades
  1482 | D:2      | Reached skill level 1 in Long Blades
  1482 | D:2      | Reached skill level 1 in Axes
  1482 | D:2      | Reached skill level 1 in Maces & Flails
  1482 | D:2      | Reached skill level 1 in Polearms
  1482 | D:2      | Reached skill level 1 in Staves
  1482 | D:2      | Reached skill level 1 in Slings
  1482 | D:2      | Reached skill level 1 in Bows
  1482 | D:2      | Reached skill level 1 in Crossbows
  1482 | D:2      | Reached skill level 1 in Throwing
  1482 | D:2      | Reached skill level 1 in Shields
  1482 | D:2      | Reached skill level 1 in Unarmed Combat
  1482 | D:2      | Reached skill level 1 in Spellcasting
  1482 | D:2      | Reached XP level 4. HP: 31/34 MP: 5/5
  1583 | D:2      | Found a shadowy altar of Dithmenos.
  1596 | D:2      | Found a faded altar of an unknown god.
  1742 | D:2      | Became a worshipper of Nemelex Xobeh the Trickster
  1742 | D:2      | Reached * piety under Nemelex Xobeh
  1745 | D:2      | Received a gift from Nemelex Xobeh
  1982 | D:3      | Noticed a necrophage
  1991 | D:3      | Killed a necrophage
  1992 | D:3      | Reached skill level 1 in Conjurations
  1992 | D:3      | Reached skill level 1 in Hexes
  1992 | D:3      | Reached skill level 1 in Summonings
  1992 | D:3      | Reached skill level 1 in Necromancy
  1992 | D:3      | Reached skill level 1 in Translocations
  1992 | D:3      | Reached skill level 1 in Transmutations
  1992 | D:3      | Reached skill level 1 in Fire Magic
  1992 | D:3      | Reached skill level 1 in Ice Magic
  1992 | D:3      | Reached skill level 1 in Air Magic
  1992 | D:3      | Reached skill level 1 in Earth Magic
  1992 | D:3      | Reached skill level 1 in Poison Magic
  1992 | D:3      | Reached XP level 5. HP: 40/40 MP: 5/7
  2019 | D:3      | Found a basalt altar of Yredelemnul.
  2078 | D:3      | Found Moassoo's Antique Armour Boutique.
  2343 | D:3      | Reached ** piety under Nemelex Xobeh
  2941 | D:4      | Reached XP level 6. HP: 35/47 MP: 8/8
  3076 | D:4      | Reached skill level 5 in Armour
  3795 | D:4      | Identified the +0 ring mail of Rationality {rC+}
  3869 | D:4      | Found a sparkling altar of Nemelex Xobeh.
  3957 | D:5      | Entered Level 5 of the Dungeon
  3964 | D:5      | Reached XP level 7. HP: 52/52 MP: 10/10
  3980 | D:5      | Reached skill level 7 in Evocations
  4211 | D:5      | Noticed Eustachio
  4255 | D:5      | Received a gift from Nemelex Xobeh
  4268 | D:5      | Found a runed translucent gate.
  4268 | D:5      | Found a runed translucent gate.
  4268 | D:5      | Found a runed translucent gate.
  4803 | D:5      | Reached XP level 8. HP: 53/60 MP: 12/12
  4874 | D:5      | Found a sacrificial altar of Ru.
  4963 | D:5      | Found a staircase to the Ecumenical Temple.
  4991 | D:5      | Reached *** piety under Nemelex Xobeh
  5101 | D:5      | Received a gift from Nemelex Xobeh
  5176 | D:5      | Noticed earthworldpsion's ghost (amateur DrBe)
  5239 | D:5      | Killed Eustachio
  5460 | D:6      | Noticed Blork the orc
  5531 | D:6      | Killed Blork the orc
  5688 | D:6      | You fall into a shaft and drop 2 floors!
  5713 | D:8      | Noticed Psyche
  5718 | D:8      | Found an ancient bone altar of Kikubaaqudgha.
  5735 | D:8      | Reached XP level 9. HP: 66/66 MP: 14/14
  5736 | D:8      | Found Usot's Magic Scroll Shop.
  5784 | D:7      | Noticed a hornet
  5785 | D:7      | Killed a hornet
  5848 | D:7      | Found a radiant altar of Vehumet.
  6177 | D:6      | Noticed Pikel
  6196 | D:6      | Killed Pikel
  6197 | D:6      | Reached skill level 5 in Fighting
  6197 | D:6      | Reached skill level 5 in Dodging
  6197 | D:6      | Reached skill level 5 in Stealth
  6197 | D:6      | Reached skill level 8 in Evocations
  6382 | D:6      | Found a stormy altar of Qazlal.
  6453 | D:6      | Noticed Menkaure
  6465 | D:6      | Killed Menkaure
  6466 | D:6      | Reached skill level 5 in Invocations
  6743 | D:6      | Noticed Maggie
  6751 | D:6      | Killed Maggie
  6876 | D:6      | Found Vempoapo's Antique Armour Shoppe.
  6910 | D:7      | Found Hourhysch's Armour Boutique.
  6936 | D:7      | Reached **** piety under Nemelex Xobeh
  7012 | D:7      | Reached XP level 10. HP: 38/74 MP: 17/17
  7251 | D:7      | Reached skill level 5 in Short Blades
  7251 | D:7      | Reached skill level 5 in Long Blades
  7251 | D:7      | Reached skill level 5 in Axes
  7251 | D:7      | Reached skill level 5 in Maces & Flails
  7251 | D:7      | Reached skill level 5 in Polearms
  7251 | D:7      | Reached skill level 5 in Staves
  7251 | D:7      | Reached skill level 5 in Slings
  7251 | D:7      | Reached skill level 5 in Bows
  7251 | D:7      | Reached skill level 5 in Crossbows
  7251 | D:7      | Reached skill level 5 in Throwing
  7251 | D:7      | Reached skill level 5 in Shields
  7251 | D:7      | Reached skill level 5 in Unarmed Combat
  7251 | D:7      | Reached skill level 5 in Spellcasting
  7555 | D:8      | Bought a scroll of teleportation for 42 gold pieces
  7795 | D:8      | Noticed Maurice
  7997 | D:8      | Killed Maurice
  8118 | D:8      | Received a gift from Nemelex Xobeh
  8265 | D:8      | Noticed Psyche
  8265 | D:8      | Psyche changed into Psyche the acid dragon
  8466 | D:8      | Killed Psyche the acid dragon
  9006 | D:9      | Noticed a two-headed ogre
  9011 | D:9      | a two-headed ogre changed into a tarantella
  9048 | D:9      | Received a gift from Nemelex Xobeh
  9803 | D:9      | Learned a level 2 spell: Poisonous Vapours
  9822 | D:9      | Noticed a two-headed ogre
  9884 | D:9      | Found a glowing silver altar of Zin.
  9959 | D:9      | HP: 24/76 [two-headed ogre (7)]
 10332 | D:9      | Killed a two-headed ogre
 10448 | D:10     | Entered Level 10 of the Dungeon
 10452 | D:10     | Noticed Nergalle
 11050 | D:10     | Reached ***** piety under Nemelex Xobeh
 11151 | D:10     | Noticed Grum
 11177 | D:10     | Killed Grum
 11178 | D:10     | Reached XP level 11. HP: 83/83 MP: 10/19
 11644 | D:10     | Received a gift from Nemelex Xobeh
 11679 | D:10     | Reached skill level 9 in Evocations
 12031 | D:10     | Noticed Erica
 12174 | D:10     | Killed Erica
 12175 | D:10     | Reached skill level 5 in Conjurations
 12175 | D:10     | Reached skill level 5 in Hexes
 12175 | D:10     | Reached skill level 5 in Summonings
 12175 | D:10     | Reached skill level 5 in Necromancy
 12175 | D:10     | Reached skill level 5 in Translocations
 12175 | D:10     | Reached skill level 5 in Transmutations
 12175 | D:10     | Reached skill level 5 in Fire Magic
 12175 | D:10     | Reached skill level 5 in Ice Magic
 12175 | D:10     | Reached skill level 5 in Air Magic
 12175 | D:10     | Reached skill level 5 in Earth Magic
 12175 | D:10     | Reached skill level 5 in Poison Magic
 12324 | D:10     | Found a staircase to the Lair.
 12954 | D:10     | HP: 24/75 [spectral orc knight[Nergalle] (6)]
 12954 | D:10     | Killed from afar by Nergalle

Illustrated notes

Levels and vault maps discovered:
D:1:      scummos_arrival_simple_fountains, layout_rooms, minmay_lizard_pond
D:2:      layout_loops_cross, hellmonk_ecumenical_altar_run_dry, basic_altar
D:3:      layout_basic, nicolae_yredelemnul_corpse_copse, serial_shops,
          nicolae_shop_overgrown_old_shop, chequers_serial_rivers_micro_a
D:4:      layout_basic, nemelex_diamond_rough_becter, serial_co_window_serial,
          co_window_corner_a, co_window_of_opportunity_a, co_window_cross_1,
          co_window_corner_a, co_window_corner_a, co_window_corner_b,
          co_window_corner_cb, co_window_broadway_a, glass_columns_c,
          glass_columns_c, glass_columns_a, glass_columns_a, st_stairs_4
D:5:      layout_loops_ring, mainiacjoe_overflow_cross_hatched,
          minmay_temple_entry_mini_moons, gammafunk_ghost_icy, uniq_eustachio
D:6:      layout_basic, kennysheep_mini_moat, serial_shops,
          nicolae_shop_behind_doors, uniq_pikel, uniq_blork_the_orc,
          uniq_menkaure, uniq_maggie
D:7:      layout_basic, vehumet_statue, serial_shops, nicolae_square_shop
D:8:      layout_cave_pools, mainiacjoe_overflow_small_starburst, serial_shops,
          shop, enter_bailey_7, uniq_maurice, uniq_psyche
D:9:      layout_gridville, mainiacjoe_overflow_24_doors
D:10:     layout_long_grid, mainiacjoe_overflow_chevrons,
          erik_lair_orcish_takeover, lightli_fourway_metalbox, uniq_erica,
          uniq_nergalle, uniq_grum

Skill      XL: |  1  2  3  4  5  6  7  8  9 10 11 |
---------------+----------------------------------+-----
Invocations    | 1 2 3 4 5 6 |  6.7
Short Blades   | 1 2 3 4 5 6 |  6.1
Long Blades    | 1 2 3 4 5 6 |  6.1
Axes           | 1 2 3 4 5 6 |  6.1
Maces & Flails | 1 2 3 4 5 6 |  6.1
Polearms       | 1 2 3 4 5 6 |  6.1
Staves         | 1 2 3 4 5 6 |  6.1
Slings         | 1 2 3 4 5 6 |  6.1
Bows           | 1 2 3 4 5 6 |  6.1
Crossbows      | 1 2 3 4 5 6 |  6.1
Throwing       | 1 2 3 4 5 6 |  6.1
Shields        | 1 2 3 4 5 6 |  6.1
Unarmed Combat | 1 2 3 4 5 6 |  6.1
Spellcasting   | 1 2 3 4 5 6 |  6.1
Conjurations   | 1 2 3 4 5 |  5.1
Hexes          | 1 2 3 4 5 |  5.1
Summonings     | 1 2 3 4 5 |  5.1
Necromancy     | 1 2 3 4 5 |  5.1
Translocations | 1 2 3 4 5 |  5.1
Transmutations | 1 2 3 4 5 |  5.1
Fire Magic     | 1 2 3 4 5 |  5.1
Ice Magic      | 1 2 3 4 5 |  5.1
Air Magic      | 1 2 3 4 5 |  5.1
Earth Magic    | 1 2 3 4 5 |  5.1
Poison Magic   | 1 2 3 4 5 |  5.1
Fighting       | 3 4 5 6 |  6.7
Dodging        | 3 4 5 6 |  6.7
Stealth        | 3 4 5 6 |  6.6
Armour         | 5 6 7 |  7.7
Evocations     | 7 8 9 |  9.1

Action                   |  1- 3 |  4- 6 |  7- 9 | 10-12 || total
-------------------------+-------+-------+-------+-------++-------
Melee: Club              |    36 |       |       |       ||    36
       Bite              |    11 |     7 |    26 |    23 ||    67
       Short sword       |    98 |   128 |   228 |   225 ||   679
       Whip              |     6 |       |       |       ||     6
       Punch             |       |       |     3 |     5 ||     8
       Unarmed           |       |       |     2 |       ||     2
Throw: Dart              |       |       |    11 |     6 ||    17
 Cast: Poisonous Vapours |       |       |       |    53 ||    53
Invok: Draw Destruction  |       |     3 |     1 |    12 ||    16
       Draw Summoning    |       |     1 |       |     3 ||     4
       Draw Escape       |       |       |       |     2 ||     2
Evoke: Wand              |     5 |     3 |    15 |     4 ||    27
       Piece from Xom's  |       |       |     8 |    11 ||    19
  Use: Scroll            |       |       |    11 |     1 ||    12
 Stab: Sleeping          |       |     1 |     1 |       ||     2
       Petrified         |       |       |     5 |     5 ||    10
       Confused          |       |       |     2 |       ||     2
       Paralysed         |       |       |       |     2 ||     2
       Distracted        |       |       |       |     1 ||     1
Armor: Leather armour    |     4 |       |       |       ||     4
       Ring mail         |    52 |    36 |    89 |    94 ||   271
Dodge: Dodged            |    81 |    56 |   109 |   135 ||   381
